 Dungeon Crawl Stone Soup version 0.23.0-28-g6fe0f4dc8b (webtiles) character file.

Game seed: 855222055007310663

135 HolyGrifer the Caller (level 5, -2/35 HPs)
             Began as a Merfolk Summoner on Feb 25, 2019.
             Killed from afar by an orc wizard (8 damage)
             ... with a magic dart
             ... on level 4 of the Dungeon.
             The game lasted 00:24:25 (5021 turns).

HolyGrifer the Caller (Merfolk Summoner)            Turns: 5021, Time: 00:24:25

Health: -2/35      AC:  4    Str:  9    XL:     5   Next: 18%
Magic:  6/9        EV: 13    Int: 19    God:
Gold:   217        SH:  0    Dex: 14    Spells: 2/10 levels left

rFire    . . .     SeeInvis .   r - staff of air
rCold    . . .     Gourm    .   (no shield)
rNeg     . . .     Faith    .   a - +0 robe
rPois    .         Spirit   .   (no helmet)
rElec    +         Reflect  .   (no cloak)
rCorr    .         Harm     .   (no gloves)
MR       .....                  h - +1 pair of boots
Stlth    ++........             (no amulet)
HPRegen  0.11/turn              d - +4 ring of intelligence
MPRegen  0.11/turn              (no ring)

@: no status effects
A: change form in water, swift swim, stealthy swim
a: no special abilities


You were on level 4 of the Dungeon.
You were very hungry.

You visited 1 branch of the dungeon, and saw 4 of its levels.

You collected 217 gold pieces.

Inventory:

Armour
 a - a +0 robe (worn)
 h - a +1 pair of boots (worn)
Magical Staves
 r - an uncursed staff of air (weapon)
Jewellery
 d - a +4 ring of intelligence (left hand)
Scrolls
 b - a scroll of amnesia
 f - a scroll of blinking
 i - 7 scrolls of remove curse
 j - a scroll of enchant armour
 k - 2 scrolls of fear
 l - 2 scrolls of identify
Potions
 c - 2 potions of might {unknown}
 e - a potion of brilliance {unknown}
 g - 3 potions of curing
 n - a potion of heal wounds
 o - a potion of degeneration {unknown}
 p - a potion of mutation {unknown}
 q - a potion of agility {unknown}
Comestibles
 m - 3 rations


   Skills:
 + Level 0.2 Fighting
 * Level 3.3 Dodging
 * Level 2.8 Stealth
 + Level 0.7 Unarmed Combat
 + Level 3.0 Spellcasting
 * Level 5.1 Summonings


You had 2 spell levels left.
You knew the following spells:

 Your Spells              Type           Power        Failure   Level  Hunger
a - Summon Small Mammal   Summ           ###.         1%          1    None
b - Summon Guardian Gole  Hex/Summ       ##......     16%         3    ###....
c - Summon Lightning Spi  Summ/Air       ###.....     45%         4    ####...

Your spell library contained the following spells:

 Spells                   Type           Power        Failure   Level  Hunger
 Call Imp                 Summ           ###.....     2%          2    ##.....
 Shock                    Conj/Air       #...         16%         1    None
 Swiftness                Chrm/Air       #.......     22%         2    ##.....
 Call Canine Familiar     Summ           ###.....     5%          3    ###....
 Static Discharge         Conj/Air       #.......     41%         3    ###....
 Summon Ice Beast         Ice/Summ       ##......     45%         4    ####...
 Airstrike                Air            #.........   83%         4    ####...
 Lightning Bolt           Conj/Air       #.........   99%         5    ######.


Dungeon Overview and Level Annotations

Branches:
Dungeon (4/15)
 Temple: D:4-7

Altars:
Okawaru
Vehumet


Message History

You hear some strange, mumbled words.
A puff of flame appears from out of thin air!
The puff of flame misses you.
You hit something but do no damage. Something hits you.
The orc barely misses you.
You hear some strange, mumbled words.
A puff of flame appears from out of thin air!
The puff of flame hits you.
You miss something. The orc misses you. Something hits you.
You hit something. The orc misses you.
You hear some strange, mumbled words.
A puff of flame appears from out of thin air!
The puff of flame hits you.
* * * LOW HITPOINT WARNING * * *
You feel sick.
You are no longer poisoned.
You hear some strange, mumbled words.
A magic dart appears from out of thin air!
The magic dart hits you!
You die...

###..# ##...... ..
####.##### #...... .
.........###....# .#
####......##....###.
# #..†............#
.#
#..###)...##.##.#..##
#..# #..............#
....#
#..#.♣.♣o#.#.?.#
#.##.#
#..()...@....... ...
#.# #§.♣.♣)♣.♣......
.. #.#
#....)_....#..#. .(
#.# #?.♣.♣)♣.♣.....#
..>.....$.........
.###.#.♣.♣.#......
#$......).....
##...###...... #...
....


You could see an orc.

Vanquished Creatures
  An adder (D:2)
  A bat (D:2)
  A kobold (D:3)
  A frilled lizard (D:2)
  A rat (D:1)
5 creatures vanquished.

Vanquished Creatures (collateral kills)
  A worker ant (D:4)
  2 hound skeletons
  Robin (D:2)
  5 adders
  An ooze (D:3)
  5 worms
  2 dart slugs
  7 orcs (D:4)
  11 giant cockroaches
  17 goblins
  7 hobgoblins
  3 quokkas (D:3)
  2 bats (D:1)
  5 frilled lizards
  8 kobolds
  10 rats
87 creatures vanquished.

Grand Total: 92 creatures vanquished

Notes
Turn   | Place    | Note
-------+----------+-------------------------------------------
     0 | D:1      | HolyGrifer the Merfolk Summoner began the quest for the
                  | Orb.
     0 | D:1      | Reached XP level 1. HP: 13/13 MP: 3/3
   514 | D:1      | Reached XP level 2. HP: 19/19 MP: 1/5
  1737 | D:2      | Reached XP level 3. HP: 24/24 MP: 3/6
  1748 | D:2      | Noticed Robin
  1797 | D:2      | Killed Robin
  2529 | D:2      | Learned a level 1 spell: Summon Small Mammal
  2534 | D:2      | Learned a level 3 spell: Summon Guardian Golem
  3252 | D:2      | Reached XP level 4. HP: 27/30 MP: 2/7
  4206 | D:3      | Learned a level 4 spell: Summon Lightning Spire
  4874 | D:4      | Found a radiant altar of Vehumet.
  4978 | D:4      | Found an iron altar of Okawaru.
  4980 | D:4      | Reached skill level 5 in Summonings
  4980 | D:4      | Reached XP level 5. HP: 35/35 MP: 5/9
  5021 | D:4      | Killed from afar by an orc wizard

Skill      XL: |  1  2  3  4 |
---------------+-------------+-----
Dodging        | 3 |  3.3
Spellcasting   | 3 |  3.0
Summonings     | 5 |  5.1
Fighting       | |  0.2
Stealth        | |  2.8
Unarmed Combat | |  0.7

Action                   |  1- 3 |  4- 6 || total
-------------------------+-------+-------++-------
Melee: Unarmed           |    25 |    16 ||    41
       Staff             |       |    14 ||    14
 Cast: Summon Small Mamm |    91 |    54 ||   145
       Summon Guardian G |     4 |     3 ||     7
       Summon Lightning  |       |     4 ||     4
  Use: Scroll            |     5 |     3 ||     8
       Potion            |     1 |     1 ||     2
  Eat: Chunk             |     4 |       ||     4
       Ration            |     2 |     1 ||     3
Armor: Robe              |    28 |    27 ||    55
Dodge: Dodged            |    66 |    75 ||   141
